 Dungeon Crawl Stone Soup version 0.30-a0-930-gb9d0489357 (webtiles) character file.

Game seed: 8551829122292541375

18 Vildravn the Shooter (level 2, 0/24 HPs)
             Began as a Barachi Hunter on Mar 23, 2023.
             Slain by Terence
             ... wielding a +0 hand axe
              (8 damage)
             ... on level 2 of the Dungeon.
             The game lasted 00:01:21 (718 turns).

Vildravn the Shooter (Barachi Hunter)                Turns: 718, Time: 00:01:21

Health: 0/24       AC:  3    Str: 12    XL:     2   Next: 70%
Magic:  2/2        EV: 12    Int:  9    God:
Gold:   18         SH:  0    Dex: 15    Spells: 1/1 levels left

rFire   . . .      SeeInvis .    a - +0 shortbow
rCold   . . .      Faith    .    (shield currently unavailable)
rNeg    . . .      Spirit   .    c - +0 leather armour
rPois   .          Reflect  .    (no helmet)
rElec   .          Rampage  .    (no cloak)
rCorr   .                        (no gloves)
Will    .....                    (no boots) Stlth
                                 (no amulet)
HPRegen 0.24/turn                (no ring)
MPRegen 0.08/turn                (no ring)

@: silenced, unable to hop, slow
A: amphibious, slowness 1, strong legs 1, +LOS
a: Hop


You were on level 2 of the Dungeon.
You visited 1 branch of the dungeon, and saw 2 of its levels.

You collected 18 gold pieces.

Inventory:

Hand Weapons
 a - a +0 shortbow (weapon)
Armour
 c - a +0 leather armour (worn)
Scrolls
 b - a scroll of immolation


   Skills:
 + Level 3.0 Fighting
 + Level 4.2 Ranged Weapons
 + Level 2.6 Dodging
 - Level 0.8 Stealth


You had one spell level left.
You didn't know any spells.
Your spell library was empty.

Dungeon Overview and Level Annotations

Branches:
Dungeon (1/15)

Altars:

Annotations:
D:2 Terence


Innate Abilities, Weirdness & Mutations

You are amphibious.
You cover ground slowly.
You can hop short distances.
You have an extended range of vision and can be seen from far away.


Message History

Terence is moderately wounded.
Terence hits you with a +0 hand axe!
You shoot an arrow. The arrow barely misses Terence.
Terence hits you with a +0 hand axe. Terence hits you but does no damage.
You shoot an arrow. The arrow hits Terence.
Terence is moderately wounded.
Terence closely misses you.
Unknown command.
Hop to where?
Press: ? - help, Q - select action, (/) - cycle Dir - move target, p - Terence Boing!
You aren't carrying any potions.
As you read the scroll labelled WYAMOG PODD, it crumbles to dust.
A profound silence engulfs you.
It was a scroll of silence.
Your legs are too worn out to hop.
You shoot an arrow. The arrow hits Terence.
Terence is heavily wounded.
Terence hits you with a +0 hand axe.
You shoot an arrow.
The arrow hits Terence but does no damage.
Terence is heavily wounded.
Terence barely misses you. Terence hits you with a +0 hand axe.
You shoot an arrow.
The arrow hits Terence but does no damage.
Terence is heavily wounded.
Terence completely misses you.
You shoot an arrow. The arrow closely misses Terence.
Terence hits you with a +0 hand axe. Terence completely misses you.
Terence attacks as you move away! Terence hits you with a +0 hand axe.
* * * LOW HITPOINT WARNING * * *
Found a scroll labelled XONASECOSK.
A worm comes into view.
Terence barely misses you. Terence attacks as you move away!
Terence closely misses you.
Found 11 gold pieces.
Terence bares his teeth.
Terence barely misses you. Terence attacks as you move away!
Terence misses you. Terence hits you with a +0 hand axe!
You die...

#...# ... ... #.# #.#
#####.#######
#.$.........#########
#.##.@...............
#...@.?......########
#.#########w..... #
#.......# #........
#.......## #.w.....#
........# #.......#


You could see Terence and a worm.

Vanquished Creatures
  A ball python (D:1)
  2 bats (D:1)
  2 endoplasms (D:1)
  A giant cockroach (D:1)
  A goblin (D:1)
  3 quokkas (D:1)
  3 frilled lizards (D:1)
  A kobold (D:1)
  3 rats (D:1)
17 creatures vanquished.

Notes
Turn   | Place    | Note
-------+----------+-------------------------------------------
     0 | D:1      | Vildravn the Barachi Hunter began the quest for the Orb.
     0 | D:1      | Reached XP level 1. HP: 17/17 MP: 1/1
   271 | D:1      | Reached XP level 2. HP: 22/23 MP: 2/2
   680 | D:1      | You fall into a shaft and drop 1 floor!
   684 | D:2      | Noticed Terence
   718 | D:2      | Slain by Terence

Illustrated notes

Levels and vault maps discovered:
D:1:      roderic_octagonal_star, layout_loops_corners, st_stairs_13,
          minmay_misc_feat_x, nrook_loot_triangle
D:2:      layout_loops_ring, uniq_terence, uniq_jessica

Skill      XL: |  1  2 |
---------------+-------+-----
Fighting       | 3 |  3.0
Ranged Weapons | |  4.2
Dodging        | |  2.6
Stealth        | |  0.8

Action                     || total
---------------------------++-------
   Fire: Shortbow          ||    42
Ability: Hop               ||     1
    Use: Scroll            ||     2
         Potion            ||     2
 Armour: Leather armour    ||     2
  Dodge: Dodged            ||    16

Table legend: (Time is in decaauts)
 A = Elapsed time spent in this place.
 B = Non-inter-level travel time spent in this place.
 C = Inter-level travel time spent in this place.
 D = Time resting spent in this place.
 E = Time spent auto-exploring this place.
 F = Levels seen in this place.
 G = Mean time per level.
                   A        B        C        D        E       F      G
               +--------+--------+--------+--------+--------+-----+--------+
         Total |    816 |    816 |      0 |    227 |    473 |   2 |  408.0 |
       Dungeon |    816 |    816 |      0 |    227 |    473 |   2 |  408.0 |
               +--------+--------+--------+--------+--------+-----+--------+

Top non-repeatable levels by time:
     D:1: 769 daAuts
     D:2: 46 daAuts
